BSA
VISTA PANTHERS @ ST CHARLES SHEENS
06/16/2024
 
TOP OF THE 1ST
Vista Panthers batting - Pitching for St Charles Sheens : RHP Joe O'Sullivan
Pitching: RHP Joe O'Sullivan
Batting: LHB Harry Pitts 0-0: Fly out, F7 (Flyball, 78D)
Batting: SHB Juan Gómez 0-0: Ball
1-0: Swinging Strike
1-1: Called Strike
1-2: Foul Ball, location: 2F
1-2: Strikes out looking
Batting: RHB Roberto Cruz 0-0: Ball
1-0: SINGLE (Line Drive, 6M)
Batting: LHB Pablo Rivas 0-0: Called Strike
0-1: Called Strike
0-2: SINGLE (Line Drive, 4MD)
Roberto Cruz to second
Batting: LHB Jesús González 0-0: Called Strike
0-1: Called Strike
0-2: Foul Ball, location: 2F
0-2: Fly out, F9 (Line Drive, 9LM)
Top of the 1st over - 0 run(s), 2 hit(s), 0 error(s), 2 left on base; Vista 0 - St Charles 0
BOTTOM OF THE 1ST
St Charles Sheens batting - Pitching for Vista Panthers : RHP António Galindo
Pitching: RHP António Galindo
Batting: LHB Marcos Cantú 0-0: Ball
1-0: Ball
2-0: Ball
3-0: Called Strike
3-1: Base on Balls
Batting: RHB Guo-xiu Choi 0-0: Called Strike
0-1: Called Strike
0-2: Ball
1-2: Ball
Marcos Cantú steals 2nd base
2-2: Ground out 4-3 (Groundball, 4)
Marcos Cantú to third
Batting: LHB Jeff Carter 0-0: Called Strike
0-1: Foul Ball, location: 2F
0-2: Strikes out swinging
Batting: RHB Alfredo Rivera 0-0: Ball
1-0: Called Strike
1-1: Fly out, F9 (Flyball, 9M)
Bottom of the 1st over - 0 run(s), 0 hit(s), 0 error(s), 1 left on base; Vista 0 - St Charles 0
TOP OF THE 2ND
Vista Panthers batting - Pitching for St Charles Sheens : RHP Joe O'Sullivan
Batting: RHB Javier Deleón 0-0: Ground out 5-3 (Groundball, 56)
Batting: RHB Danny Crouch 0-0: SINGLE (Line Drive, 3D)
Batting: RHB Wilson López 0-0: Called Strike
0-1: Ball
1-1: Foul Ball, location: 2F
1-2: Foul Ball, location: 2F
1-2: Ball
2-2: Ball
3-2: Grounds into double play, 6-4-3 (Groundball, 6)
Top of the 2nd over - 0 run(s), 1 hit(s), 0 error(s), 0 left on base; Vista 0 - St Charles 0
BOTTOM OF THE 2ND
St Charles Sheens batting - Pitching for Vista Panthers : RHP António Galindo
Batting: LHB Bob Ware 0-0: Called Strike
0-1: Ball
1-1: Called Strike
1-2: DOUBLE (Flyball, 89D)
Batting: LHB Gene Cooper 0-0: Ball
Wild Pitch!
Bob Ware to third
1-0: Fly out, F6 (Popup, 6MS)
Batting: RHB Kel Pierce 0-0: Ball
1-0: Ground out 6-3 (Groundball, 6)
Bob Ware scores
Batting: RHB Max Rash 0-0: Ground out 6-3 (Groundball, 6)
Bottom of the 2nd over - 1 run(s), 1 hit(s), 0 error(s), 0 left on base; Vista 0 - St Charles 1
TOP OF THE 3RD
Vista Panthers batting - Pitching for St Charles Sheens : RHP Joe O'Sullivan
Batting: RHB Rob Bailey 0-0: Fly out, F3 (Line Drive, 3)
Batting: LHB Harry Pitts 0-0: Ball
1-0: Foul Ball, location: 2F
1-1: Foul Ball, location: 2F
1-2: Ball
2-2: Foul Ball, location: 2F
2-2: Ball
3-2: Ground out 6-3 (Groundball, 6)
Batting: SHB Juan Gómez 0-0: Fly out, F6 (Popup, 6D)
Top of the 3rd over - 0 run(s), 0 hit(s), 0 error(s), 0 left on base; Vista 0 - St Charles 1
BOTTOM OF THE 3RD
St Charles Sheens batting - Pitching for Vista Panthers : RHP António Galindo
Batting: LHB Katsumi Morishita 0-0: Called Strike
0-1: Ball
1-1: Ball
2-1: Reached on error, E5 (Groundball, 56)
Batting: LHB Marcos Cantú 0-0: Ball
1-0: Ball
2-0: SINGLE (Line Drive, 56D)
Katsumi Morishita to second
Batting: RHB Guo-xiu Choi 0-0: Ball
1-0: Foul Ball, location: 2F
1-1: SINGLE (Groundball, 4)
Katsumi Morishita to third
Marcos Cantú to second
Runner from 3rd tries for Home, SAFE, no throw or cutoff
Batting: LHB Jeff Carter 0-0: Called Strike
0-1: Ball
1-1: Ball
2-1: Ball
3-1: Foul Ball, location: 2F
3-2: Fly out, F2 (Popup, 15S)
Batting: RHB Alfredo Rivera 0-0: Swinging Strike
0-1: Ball
1-1: Foul Ball, location: 2F
1-2: Ball
2-2: Ground out 5-3 (Groundball, 6)
Marcos Cantú to third
Guo-xiu Choi to second
Batting: LHB Bob Ware 0-0: Ground out 6-3 (Groundball, 6)
Bottom of the 3rd over - 1 run(s), 2 hit(s), 1 error(s), 2 left on base; Vista 0 - St Charles 2
TOP OF THE 4TH
Vista Panthers batting - Pitching for St Charles Sheens : RHP Joe O'Sullivan
Batting: RHB Roberto Cruz 0-0: Ball
1-0: Foul Ball, location: 2F
1-1: Ball
2-1: Foul Ball, location: 2F
2-2: DOUBLE (Line Drive, 7LM)
Batting: LHB Pablo Rivas 0-0: Ball
1-0: Called Strike
1-1: Foul Ball, location: 2F
1-2: Ball
2-2: Foul Ball, location: 2F
2-2: Ball
3-2: Strikes out swinging
Batting: LHB Jesús González 0-0: Ball
1-0: Ball
2-0: Ball
3-0: Called Strike
3-1: Foul Ball, location: 2F
3-2: Foul Ball, location: 2F
3-2: Base on Balls
Batting: RHB Javier Deleón 0-0: Called Strike
0-1: Ball
1-1: Ball
2-1: Ball
3-1: Foul Ball, location: 2F
3-2: Foul Ball, location: 2F
3-2: Strikes out swinging
Batting: RHB Danny Crouch 0-0: Ball
1-0: Fly out, F7 (Line Drive, 78XD)
Top of the 4th over - 0 run(s), 1 hit(s), 0 error(s), 2 left on base; Vista 0 - St Charles 2
BOTTOM OF THE 4TH
St Charles Sheens batting - Pitching for Vista Panthers : RHP António Galindo
Batting: LHB Gene Cooper 0-0: Ball
1-0: Called Strike
1-1: Ball
2-1: Foul Ball, location: 2F
2-2: Strikes out swinging
Batting: RHB Kel Pierce 0-0: Ball
1-0: Ball
2-0: Called Strike
2-1: Ball
3-1: Ground out 4-3 (Groundball, 13)
Batting: RHB Max Rash 0-0: Foul Ball, location: 2F
0-1: Fly out, F6 (Popup, 6D)
Bottom of the 4th over - 0 run(s), 0 hit(s), 0 error(s), 0 left on base; Vista 0 - St Charles 2
TOP OF THE 5TH
Vista Panthers batting - Pitching for St Charles Sheens : RHP Joe O'Sullivan
Batting: RHB Wilson López 0-0: Ball
1-0: Ball
2-0: Called Strike
2-1: Ball
3-1: Base on Balls
Batting: RHB Rob Bailey 0-0: Ball
1-0: Called Strike
1-1: Called Strike
1-2: Ball
2-2: Fielders Choice at 2nd, 4-6 (Groundball, 4)
Batting: LHB Harry Pitts 0-0: Ball
1-0: Swinging Strike
1-1: Ball
2-1: Ball
3-1: Base on Balls
Rob Bailey to second
Batting: SHB Juan Gómez 0-0: Ball
1-0: Ball
2-0: Ball
3-0: Called Strike
3-1: Called Strike
3-2: Strikes out looking
Batting: RHB Roberto Cruz 0-0: Called Strike
0-1: Fly out, F6 (Popup, 5D)
Top of the 5th over - 0 run(s), 0 hit(s), 0 error(s), 2 left on base; Vista 0 - St Charles 2
BOTTOM OF THE 5TH
St Charles Sheens batting - Pitching for Vista Panthers : RHP António Galindo
Batting: LHB Katsumi Morishita 0-0: Ball
1-0: Fly out, F8 (Flyball, 8LS)
Batting: LHB Marcos Cantú 0-0: Called Strike
0-1: TRIPLE (Line Drive, 89XD)
Pinch Runner at 3rd Júlio Hernández:
Batting: RHB Guo-xiu Choi 0-0: Swinging Strike
Balk!
Júlio Hernández scores
0-1: Ball
1-1: Foul Ball, location: 2F
1-2: Ground out 3-1 (Groundball, 34S)
Batting: LHB Jeff Carter 0-0: Swinging Strike
0-1: Ball
1-1: Ball
2-1: Called Strike
2-2: Ball
3-2: DOUBLE (Flyball, 7LS)
Batting: RHB Alfredo Rivera 0-0: Called Strike
0-1: Ball
1-1: Foul Ball, location: 2F
1-2: Ball
2-2: DOUBLE (Line Drive, 89M)
Jeff Carter scores
Pinch Runner at 2nd Richard Bowman:
Batting: LHB Bob Ware 0-0: Called Strike
0-1: Foul Ball, location: 2F
0-2: Fly out, F5 (Popup, 25F)
Bottom of the 5th over - 2 run(s), 3 hit(s), 0 error(s), 1 left on base; Vista 0 - St Charles 4
TOP OF THE 6TH
Vista Panthers batting - Pitching for St Charles Sheens : RHP Joe O'Sullivan
Now at 1B: Richard Bowman
Now in LF: Júlio Hernández
Batting: LHB Pablo Rivas 0-0: Called Strike
0-1: Foul Ball, location: 2F
0-2: Ground out 4-3 (Groundball, 4M)
Batting: LHB Jesús González 0-0: Called Strike
0-1: Ball
1-1: Called Strike
1-2: Ground out U3 (Groundball, 3L)
Batting: RHB Javier Deleón 0-0: Ball
1-0: Swinging Strike
1-1: Ball
2-1: Ball
3-1: Foul Ball, location: 2F
3-2: Fly out, F7 (Flyball, 78D)
Top of the 6th over - 0 run(s), 0 hit(s), 0 error(s), 0 left on base; Vista 0 - St Charles 4
BOTTOM OF THE 6TH
St Charles Sheens batting - Pitching for Vista Panthers : RHP António Galindo
Batting: LHB Gene Cooper 0-0: Ball
1-0: Ball
2-0: Ball
3-0: Called Strike
3-1: Called Strike
3-2: Foul Ball, location: 2F
3-2: Fly out, F9 (Flyball, 89D)
Batting: RHB Kel Pierce 0-0: Ball
1-0: Called Strike
1-1: Reached on error, E5 (Groundball, 5S)
Batting: RHB Max Rash 0-0: Called Strike
0-1: Ball
1-1: 2-RUN HOME RUN (Flyball, 78XD), Distance : 421 ft
Batting: LHB Katsumi Morishita 0-0: Swinging Strike
0-1: Ball
1-1: Called Strike
1-2: Ball
2-2: Ball
3-2: Foul Ball, location: 2F
3-2: Ground out 4-3 (Groundball, 4)
Batting: RHB Júlio Hernández 0-0: Called Strike
0-1: Ground out 6-3 (Groundball, 6)
Bottom of the 6th over - 2 run(s), 1 hit(s), 1 error(s), 0 left on base; Vista 0 - St Charles 6
TOP OF THE 7TH
Vista Panthers batting - Pitching for St Charles Sheens : RHP Joe O'Sullivan
Batting: RHB Danny Crouch 0-0: DOUBLE (Flyball, 9LM)
Batting: RHB Wilson López 0-0: Foul Ball, location: 2F
0-1: Ball
1-1: Ball
2-1: Swinging Strike
2-2: Ball
3-2: Fly out, F7 (Flyball, 78S)
Batting: RHB Rob Bailey 0-0: Called Strike
0-1: SINGLE (Line Drive, 89S)
Danny Crouch to third
Batting: LHB Harry Pitts 0-0: Ball
Rob Bailey steals 2nd base
1-0: Called Strike
1-1: DOUBLE (Line Drive, 7LS)
Danny Crouch scores
Rob Bailey scores
Pitching: LHP Jack Taylor
Batting: SHB Juan Gómez 0-0: Swinging Strike
0-1: Ball
1-1: Ball
2-1: Ball
3-1: Called Strike
3-2: Foul Ball, location: 2F
3-2: Strikes out swinging
Batting: RHB Roberto Cruz 0-0: Foul Ball, location: 2F
0-1: Ball
1-1: Foul Ball, location: 2F
1-2: Foul Ball, location: 2F
1-2: Ball
Wild Pitch!
Harry Pitts to third
2-2: Ball
3-2: DOUBLE (Line Drive, 78XD)
Harry Pitts scores
Batting: LHB Pablo Rivas 0-0: 2-RUN HOME RUN (Line Drive, 9LD), Distance : 431 ft
Batting: LHB Jesús González 0-0: Ball
1-0: Ball
2-0: Ball
3-0: Called Strike
3-1: Called Strike
3-2: SINGLE (Line Drive, 56D)
Pitching: RHP Ulric Duval
Pinch Hitting: RHB John Mendelson 0-0: Called Strike
0-1: Called Strike
0-2: Ball
1-2: Ground out 4-3 (Groundball, 34)
Top of the 7th over - 5 run(s), 6 hit(s), 0 error(s), 1 left on base; Vista 5 - St Charles 6
BOTTOM OF THE 7TH
St Charles Sheens batting - Pitching for Vista Panthers : RHP António Galindo
Pitching: RHP Juan Flores
Now at SS: Jason Jackson
Batting: RHB Guo-xiu Choi 0-0: Foul Ball, location: 2F
0-1: Swinging Strike
0-2: Strikes out looking
Batting: LHB Jeff Carter 0-0: Ground out 1-3 (Groundball, 13S)
Batting: SHB Richard Bowman 0-0: Foul Ball, location: 2F
0-1: Swinging Strike
0-2: Ball
1-2: Foul Ball, location: 2F
1-2: Ball
2-2: Strikes out swinging
Bottom of the 7th over - 0 run(s), 0 hit(s), 0 error(s), 0 left on base; Vista 5 - St Charles 6
TOP OF THE 8TH
Vista Panthers batting - Pitching for St Charles Sheens : RHP Ulric Duval
Batting: RHB Danny Crouch 0-0: Ball
1-0: SINGLE (Line Drive, 7S)
Batting: RHB Wilson López 0-0: Bunted foul
0-1: Bunted foul
0-2: Foul Ball, location: 2F
0-2: DOUBLE (Line Drive, 9LM)
Danny Crouch to third
Pitching: LHP Shan Liu
Batting: RHB Rob Bailey 0-0: Ball
1-0: Called Strike
1-1: Ball
2-1: Ball
3-1: Base on Balls
Batting: LHB Harry Pitts 0-0: Called Strike
0-1: Foul Ball, location: 2F
0-2: DOUBLE (Line Drive, 89D)
Danny Crouch scores
Wilson López scores
Rob Bailey to third
Batting: SHB Juan Gómez 0-0: Called Strike
0-1: Foul Ball, location: 2F
0-2: Foul Ball, location: 2F
0-2: Ball
1-2: Strikes out looking
Batting: RHB Roberto Cruz 0-0: Intentional Walk
Batting: LHB Pablo Rivas 0-0: Ball
1-0: Called Strike
1-1: Ball
2-1: Called Strike
2-2: Strikes out swinging
Batting: LHB Jesús González 0-0: Called Strike
0-1: Ball
1-1: Ball
2-1: Foul Ball, location: 2F
2-2: Ground out 1-3 (Groundball, 13S)
Top of the 8th over - 2 run(s), 3 hit(s), 0 error(s), 3 left on base; Vista 7 - St Charles 6
BOTTOM OF THE 8TH
St Charles Sheens batting - Pitching for Vista Panthers : RHP Juan Flores
Pitching: LHP Manuel Parra
Batting: LHB Bob Ware 0-0: Ball
1-0: Foul Ball, location: 2F
1-1: Called Strike
1-2: Ball
2-2: Ball
3-2: Foul Ball, location: 2F
3-2: SOLO HOME RUN (Flyball, 9LD), Distance : 369 ft
Batting: LHB Gene Cooper 0-0: Called Strike
0-1: Ball
1-1: Ball
2-1: Swinging Strike
2-2: Ball
3-2: Foul Ball, location: 2F
3-2: Ground out 1-3 (Groundball, 23)
Batting: RHB Kel Pierce 0-0: Called Strike
0-1: Ball
1-1: Ball
2-1: Ball
3-1: Foul Ball, location: 2F
3-2: SINGLE (Flyball, 89S)
Batting: RHB Max Rash 0-0: Ball
1-0: Ball
2-0: 2-RUN HOME RUN (Flyball, 7D), Distance : 388 ft
Pitching: LHP Jung-keun Yi
Batting: LHB Katsumi Morishita 0-0: Ground out 4-3 (Groundball, 4)
Batting: RHB Júlio Hernández 0-0: Ball
1-0: Called Strike
1-1: Called Strike
1-2: Ball
2-2: Ball
3-2: Base on Balls
Batting: RHB Guo-xiu Choi 0-0: Ball
1-0: Ball
2-0: Fly out, F8 (Flyball, 8RD)
Bottom of the 8th over - 3 run(s), 3 hit(s), 0 error(s), 1 left on base; Vista 7 - St Charles 9
TOP OF THE 9TH
Vista Panthers batting - Pitching for St Charles Sheens : LHP Shan Liu
Pitching: LHP Rubén Martínez
Batting: RHB Jason Jackson 0-0: Called Strike
0-1: Ball
1-1: Ball
2-1: Swinging Strike
2-2: Ground out 4-3 (Groundball, 4)
Batting: RHB Danny Crouch 0-0: Called Strike
0-1: Ball
1-1: Ball
2-1: Foul Ball, location: 2F
2-2: Ball
3-2: Foul Ball, location: 2F
3-2: Base on Balls
Batting: RHB Wilson López 0-0: Ball
1-0: Ball
2-0: Called Strike
2-1: Ball
3-1: Base on Balls
Danny Crouch to second
Batting: RHB Rob Bailey 0-0: Called Strike
0-1: Ball
1-1: Ball
2-1: Ball
3-1: Base on Balls
Danny Crouch to third
Wilson López to second
Batting: LHB Harry Pitts 0-0: Ball
1-0: GRAND SLAM HOME RUN (Flyball, 9D), Distance : 412 ft
Pitching: LHP Francisco Moreno
Batting: SHB Juan Gómez 0-0: Swinging Strike
0-1: Called Strike
0-2: Strikes out swinging
Batting: RHB Roberto Cruz 0-0: Ball
1-0: Called Strike
1-1: Ball
2-1: Ground out 4-3 (Groundball, 34)
Top of the 9th over - 4 run(s), 1 hit(s), 0 error(s), 0 left on base; Vista 11 - St Charles 9
BOTTOM OF THE 9TH
St Charles Sheens batting - Pitching for Vista Panthers : LHP Jung-keun Yi
Pitching: RHP Steve Griffin
Batting: LHB Jeff Carter 0-0: Ball
1-0: Ball
2-0: Ball
3-0: Base on Balls
Pinch Hitting: RHB Judson Backstrom 0-0: Called Strike
0-1: Ball
1-1: SINGLE (Groundball, 5D)
Jeff Carter to second
Batting: LHB Bob Ware 0-0: Called Strike
0-1: Foul Ball, location: 2F
0-2: DOUBLE (Groundball, 3D)
Jeff Carter scores
Judson Backstrom to third
Batting: LHB Gene Cooper 0-0: Fly out, F7 (Popup, 5D)
Batting: RHB Kel Pierce 0-0: Called Strike
0-1: Ball
1-1: Ball
2-1: Called Strike
2-2: SINGLE (Line Drive, 8LS)
Judson Backstrom scores
Bob Ware to third
Runner from 3rd tries for Home, SAFE, no throw or cutoff
This league is powered by Out of the Park Baseball, the baseball management simulation game for PC, Mac and Linux
Saturday, April 9th, 2016 - OOTP Baseball 16.8 Build 38